 Dungeon Crawl Stone Soup version 0.30-a0-652-gcc886f7154 (webtiles) character file.

Game seed: 8431705159471265544

39 bande the Covered (level 3, -3/23 HPs)
             Began as a Gargoyle Fighter on Jan 17, 2023.
             Killed from afar by a kobold (10 damage)
             ... with a bolt of light
             ... on level 2 of the Dungeon.
             The game lasted 00:01:16 (964 turns).

bande the Covered (Gargoyle Fighter)                 Turns: 964, Time: 00:01:17

Health: -3/23      AC: 12    Str: 19    XL:     3   Next: 45%
Magic:  3/3        EV:  9    Int:  8    God:
Gold:   62         SH:  4    Dex: 11    Spells: 2/2 levels left

rFire   . . .      SeeInvis .    a - +0 war axe
rCold   . . .      Faith    .    c - +0 buckler
rNeg    + . .      Spirit   .    b - +0 scale mail
rPois   ∞          Reflect  .    k - +0 helmet
rElec   +          Harm     .    (no cloak)
rCorr   .          Rampage  .    g - +0 pair of gloves
Will    .....                    (no boots) Stlth
                                 (no amulet)
HPRegen 0.23/turn                (no ring)
MPRegen 0.08/turn                (no ring)

@: no status effects
A: sickness immunity, AC +3, negative energy resistance 1, electricity
resistance, torment resistance 1, petrification resistance
a: no special abilities


You were on level 2 of the Dungeon.
You visited 1 branch of the dungeon, and saw 2 of its levels.

You collected 62 gold pieces.

Inventory:

Hand Weapons
 a - a +0 war axe (weapon)
Armour
 b - a +0 scale mail (worn)
 c - a +0 buckler (worn)
 g - a +0 pair of gloves (worn)
 k - a +0 helmet (worn)
Jewellery
 e - a ring of fire
Scrolls
 f - a scroll of teleportation
 h - a scroll of fear {unknown}
Potions
 d - a potion of might
 i - a potion of heal wounds {unknown}
 j - a potion of curing {unknown}


   Skills:
 + Level 3.5 Fighting
 + Level 2.3 Axes
 + Level 3.8 Armour
 - Level 0.1 Dodging
 + Level 3.6 Shields


You had 2 spell levels left.
You didn't know any spells.
Your spell library contained the following spells:

 Spells                   Type           Power      Damage    Failure   Level
 Summon Small Mammal      Summ           0%         N/A       86%         1
 Call Canine Familiar     Summ           0%         N/A       99%         3
 Ozocubu's Armour         Ice            0%         N/A       99%         3
 Summon Guardian Golem    Hex/Summ       0%         N/A       99%         3
 Ozocubu's Refrigeration  Ice            0%         4d7       100%        7


Dungeon Overview and Level Annotations

Branches:
Dungeon (2/15)

Altars:


Innate Abilities, Weirdness & Mutations

You are immune to sickness and miasma.
Your stone body is resilient. (AC +3)
You are immune to poison.
You resist negative energy. (rN+)
You are resistant to electric shocks. (rElec)
You are resistant to unholy torment.
You are immune to petrification.


Message History

The kobold hits you but does no damage.
You closely miss the kobold. You barely miss the hobgoblin.
The kobold misses you. The hobgoblin hits you.
You barely miss the kobold. You hit the hobgoblin.
You block the kobold's attack.
The hobgoblin hits you but does no damage.
The hobgoblin hits you. The kobold closely misses you.
You barely miss the hobgoblin.
The hobgoblin is lightly wounded.
You barely miss the kobold. The hobgoblin misses you.
The kobold hits you but does no damage.
You barely miss the hobgoblin.
The hobgoblin is lightly wounded.
You barely miss the kobold.
The kobold zaps a wand.
The bolt of light hits you but does no damage.
The hobgoblin misses you.
You hit the hobgoblin but do no damage.
The hobgoblin is lightly wounded.
You closely miss the kobold.
The kobold zaps a wand.
The bolt of light hits you!
The hobgoblin hits you but does no damage.
The kobold closely misses you.
The hobgoblin hits you but does no damage.
You are too injured to fight recklessly!
You are too injured to fight recklessly!
You are too injured to fight recklessly!
You are too injured to fight recklessly!
You are too injured to fight recklessly!
You are too injured to fight recklessly!
You are too injured to fight recklessly!
You are too injured to fight recklessly!
You are too injured to fight recklessly!
You are too injured to fight recklessly!
You closely miss the kobold. You hit the hobgoblin.
The kobold zaps a wand.
The bolt of light hits you.
The hobgoblin hits you but does no damage.
You closely miss the kobold. You hit the hobgoblin.
You kill the hobgoblin!
The kobold zaps a wand.
The bolt of light hits you!
You die...

#...,,#.##........,,,,,,,,***,,,,
,...**#.##..............,,**,,,,,
###.###.##..............,,**,****
..#...#.##..............,,**,****
........................,,,,,,,,,
....#.#.##.##...........,,,,,***,
#####.#.##†##$..........,,**** *,
.........#.##...K†......,,* *,
.#..#.#..#.....$@.......,,* *,
+#..#...<#..............,,* *,
.....#####......[..###.#,** *,
....(.#............# *,*,* *,
......#.###........# *,,,* **
......#.###........#########
.........########..........#
.........# #.....(....#####
..###....## #..............#


You could see a kobold.

Vanquished Creatures
  An adder (D:2)
  A worm (D:2)
  A dart slug (D:2)
  3 ball pythons
  2 bats (D:2)
  2 endoplasms (D:1)
  A giant cockroach (D:1)
  A goblin (D:1)
  2 hobgoblins (D:2)
  5 jackals
  2 quokkas
  2 rats
23 creatures vanquished.

Notes
Turn   | Place    | Note
-------+----------+-------------------------------------------
     0 | D:1      | bande the Gargoyle Fighter began the quest for the Orb.
     0 | D:1      | Reached XP level 1. HP: 14/14 MP: 1/1
   263 | D:1      | Reached XP level 2. HP: 19/19 MP: 2/2
   746 | D:2      | Found a faded altar of an unknown god.
   837 | D:2      | Reached XP level 3. HP: 23/23 MP: 3/3
   964 | D:2      | Killed from afar by a kobold

Illustrated notes

Levels and vault maps discovered:
D:1:      psy_arrival_conway, layout_loops_ring
D:2:      layout_basic, ebering_ecumenical_altar_rust

Skill      XL: |  1  2 |
---------------+-------+-----
Axes           | 2 |  2.3
Fighting       | |  3.5
Armour         | |  3.8
Dodging        | |  0.1
Shields        | |  3.6

Action                   || total
-------------------------++-------
Melee: War axe           ||    84
  Use: Scroll            ||     2
Armor: Scale mail        ||    55
Dodge: Dodged            ||    45
Block: Buckler           ||    20

Table legend: (Time is in decaauts)
 A = Elapsed time spent in this place.
 B = Non-inter-level travel time spent in this place.
 C = Inter-level travel time spent in this place.
 D = Time resting spent in this place.
 E = Time spent auto-exploring this place.
 F = Levels seen in this place.
 G = Mean time per level.
                   A        B        C        D        E       F      G
               +--------+--------+--------+--------+--------+-----+--------+
         Total |   1003 |    944 |     59 |      0 |    723 |   2 |  501.5 |
       Dungeon |   1003 |    944 |     59 |      0 |    723 |   2 |  501.5 |
               +--------+--------+--------+--------+--------+-----+--------+

Top non-repeatable levels by time:
     D:1: 742 daAuts
     D:2: 260 daAuts
